 Seeded DCSS version 0.28-a0-691-gad6df49e81 (webtiles) character file.

Game seed: 20211023 (custom seed)

126 a11behringer the Covered (level 4, 0/40 HPs)
             Began as a Minotaur Fighter on Oct 23, 2021.
             Was an Initiate of Okawaru.
             Slain by an orc warrior (7 damage)
             ... on level 4 of the Dungeon.
             The game lasted 00:09:29 (2389 turns).

a11behringer the Covered (Minotaur Fighter)         Turns: 2389, Time: 00:09:30

Health: 0/40       AC:  8    Str: 20    XL:     4   Next: 83%
Magic:  3/3        EV: 10    Int:  5    God:    Okawaru [......]
Gold:   167        SH:  4    Dex: 11    Spells: 3/3 levels left

rFire   . . .      SeeInvis .   a - +0 long sword
rCold   . . .      Faith    .   c - +0 buckler
rNeg    . . .      Spirit   .   b - +0 scale mail
rPois   .          Reflect  .   (helmet restricted)
rElec   .          Harm     .   (no cloak)
rCorr   .          Rampage  .   o - +0 pair of gloves
Will    .....                   (no boots)
Stlth   ..........              (no amulet)
HPRegen 0.13/turn               (no ring)
MPRegen 0.08/turn               (no ring)

@: mighty
A: horns 2, retaliatory headbutt
a: Renounce Religion


You were on level 4 of the Dungeon.
You worshipped Okawaru.
Okawaru was noncommittal.
You visited 1 branch of the dungeon, and saw 4 of its levels.

You collected 167 gold pieces.

Inventory:

Hand Weapons
 a - a +0 long sword (weapon)
 i - a +0 club
 k - a +0 hunting sling
Missiles
 m - 15 sling bullets
 r - 6 javelins (quivered)
Armour
 b - a +0 scale mail (worn)
 c - a +0 buckler (worn)
 n - a +0 kite shield
 o - a +0 pair of gloves (worn)
Scrolls
 p - a scroll of noise {unknown}
 q - a scroll of identify {unknown}
 s - a scroll of teleportation
Potions
 e - 2 potions of curing {unknown}
 f - 2 potions of lignification {unknown}
 g - a potion of attraction {unknown}
 h - a potion of brilliance {unknown}
 j - a potion of berserk rage {unknown}
 l - a potion of heal wounds {unknown}


   Skills:
 + Level 4.2 Fighting
 * Level 4.4 Long Blades
 + Level 4.6 Armour
 + Level 0.8 Dodging
 + Level 4.0 Shields


You had 3 spell levels left.
You didn't know any spells.
Your spell library contained the following spells:

 Spells                   Type           Power      Damage    Failure   Level
 Apportation              Tloc           0%         N/A       82%         1
 Magic Dart               Conj           0%         1d3       82%         1
 Corpse Rot               Necr/Air       0%         N/A       91%         2
 Mephitic Cloud           Conj/Pois/Air  0%         N/A       99%         3
 Dispel Undead            Necr           0%         3d6       100%        4
 Alistair's Intoxication  Tmut/Pois      0%         N/A       100%        5
 Invisibility             Hex            0%         N/A       100%        6
 Borgnjor's Revivificati  Necr           0%         N/A       100%        8
 Necromutation            Tmut/Necr      0%         N/A       100%        8
 Death's Door             Necr           0%         N/A       100%        9
 Call Imp                 Summ           Unusable   N/A       N/A         2
 Death Channel            Necr           Unusable   N/A       N/A         6

Dungeon Overview and Level Annotations

Branches:
Dungeon (4/15)
 Temple: D:4-7

Altars:
Okawaru


Innate Abilities, Weirdness & Mutations

You have a pair of horns on your head.
You reflexively headbutt those who attack you in melee.


Message History

You kill the orc!
Okawaru accepts your kill.
The goblin shoots a stone.
The stone hits you but does no damage.
The goblin shoots a stone.
The stone hits you.
Things that are here:
a +0 club; an orc corpse The goblin shoots a stone.
You block the stone.
There is a stone staircase leading up here.
The goblin shoots a stone.
The stone barely misses you.
The goblin shoots a stone.
The stone hits you but does no damage.
The goblin unwields a +0 hunting sling.
The goblin wields a +0 club.
The goblin barely misses you. You furiously retaliate!
You headbutt the goblin!
You kill the goblin!
Okawaru accepts your kill.
Found 18 stones.
Things that are here:
a +0 club; a +0 hunting sling; 17 stones The orc warrior hits you with a +0 short sword!
You barely miss the orc warrior.
The orc warrior hits you but does no damage.
The orc wizard casts a spell.
The orc wizard flickers and vanishes!
Deactivating autopickup; reactivate with Ctrl-A.
You hit the orc warrior but do no damage.
The orc warrior hits you but does no damage.
You hit the orc warrior.
The orc warrior is lightly wounded.
The orc warrior hits you with a +0 short sword!
The orc warrior barely misses you. You furiously retaliate!
You headbutt the orc warrior.
You hit the orc warrior but do no damage.
The orc warrior is moderately wounded.
The orc warrior closely misses you.
You closely miss the orc warrior. Your headbutt misses the orc warrior.
The orc warrior is moderately wounded.
The orc warrior hits you with a +0 short sword!
* * * LOW HITPOINT WARNING * * *
You feel very mighty all of a sudden.
The orc warrior hits you with a +0 short sword!
You die...

#.# #.# #.. #.#
#.# # #.###..##
#.......( #)#
#@# #o#
#{####...
########o.......
ooo.$..o######.#
#######.# #.#
#.# #.#


You could see an orc warrior and 2 orcs.

Vanquished Creatures
  An orc wizard (D:3)
  2 worms (D:2)
  4 dart slugs
  8 orcs
  7 endoplasms
  3 giant cockroaches
  6 goblins
  5 hobgoblins (D:2)
  11 jackals
  2 kobolds (D:1)
  2 quokkas
  5 ball pythons
  5 bats
  3 frilled lizards
  8 rats
72 creatures vanquished.

Vanquished Creatures (others)
  A fungus (D:1)
1 creature vanquished.

Grand Total: 73 creatures vanquished

Notes
Turn   | Place    | Note
-------+----------+-------------------------------------------
     0 | D:1      | a11behringer the Minotaur Fighter began the quest for the
                  | Orb.
     0 | D:1      | Reached XP level 1. HP: 19/19 MP: 0/0
   110 | D:1      | Found a faded altar of an unknown god.
   174 | D:1      | Reached XP level 2. HP: 27/27 MP: 1/1
   622 | D:1      | Reached XP level 3. HP: 33/33 MP: 2/2
  1300 | D:2      | Reached XP level 4. HP: 36/40 MP: 3/3
  1769 | D:3      | Found an iron altar of Okawaru.
  1782 | D:3      | Became a worshipper of Warmaster Okawaru
  2373 | D:4      | Noticed an orc warrior
  2389 | D:4      | Slain by an orc warrior

Illustrated notes

Levels and vault maps discovered:
D:1:      dpeg_arrival_prison, layout_rooms, ebering_ecumenical_altar_abandoned,
          hangedman_decor_growths, columned_hall_lemuel
D:2:      layout_rooms
D:3:      layout_basic, mainiacjoe_overflow_boulevard, amcnicky_mini_pool_small
D:4:      layout_loops_ring, overflow_temple_1_default, grunt_decor_clamped,
          uniq_crazy_yiuf_cottage, uniq_blork_the_orc

Skill      XL: |  1  2  3  4 |
---------------+-------------+-----
Fighting       | 4 |  4.2
Armour         | 4 |  4.6
Long Blades    | 3 4 |  4.4
Shields        | 4 |  4.0
Dodging        | |  0.8

Action                   |  1- 3 |  4- 6 || total
-------------------------+-------+-------++-------
Melee: Long sword        |   113 |    43 ||   156
       Headbutt          |    19 |     4 ||    23
  Use: Scroll            |     1 |       ||     1
       Potion            |       |     1 ||     1
Armor: Scale mail        |    81 |    17 ||    98
Dodge: Dodged            |    58 |    20 ||    78
Block: Buckler           |    27 |     5 ||    32

Table legend: (Time is in decaauts)
 A = Elapsed time spent in this place.
 B = Non-inter-level travel time spent in this place.
 C = Inter-level travel time spent in this place.
 D = Time resting spent in this place.
 E = Time spent auto-exploring this place.
 F = Levels seen in this place.
 G = Mean time per level.
                   A        B        C        D        E       F      G
               +--------+--------+--------+--------+--------+-----+--------+
         Total |   2426 |   2028 |    398 |      0 |   1556 |   4 |  606.5 |
       Dungeon |   2426 |   2028 |    398 |      0 |   1556 |   4 |  606.5 |
               +--------+--------+--------+--------+--------+-----+--------+

Top non-repeatable levels by time:
     D:3: 880 daAuts
     D:1: 842 daAuts
     D:2: 686 daAuts
     D:4: 17 daAuts
